PAAA
SALT LAKE CITY BUZZ @ JERSEY CITY TRITONS
08/01/2031
 
TOP OF THE 1ST
Salt Lake City Buzz batting - Pitching for Jersey City Tritons : RHP António Alomar
Pitching: RHP António Alomar
Batting: LHB Orlando Casillas 0-0: Ball
1-0: Ball
2-0: Called Strike
2-1: Foul Ball, location: 2F
2-2: Fly out, F5 (Line Drive, 5S)
Batting: LHB Alistair Mix 0-0: Called Strike
0-1: Foul Ball, location: 2F
0-2: Strikes out swinging
Batting: RHB Ilkka Haapajarvi 0-0: Ground out 5-3 (Groundball, 5S)
Top of the 1st over - 0 runs, 0 hits, 0 errors, 0 left on base; Salt Lake City 0 - Jersey City 0
BOTTOM OF THE 1ST
Jersey City Tritons batting - Pitching for Salt Lake City Buzz : RHP Paco Manuel
Pitching: RHP Paco Manuel
Batting: LHB Dana Waldrip 0-0: Ball
1-0: Foul Ball, location: 2F
1-1: Ball
2-1: SINGLE (Line Drive, 6D)
Batting: RHB Arturo Scantlebury 0-0: Ball
1-0: Called Strike
1-1: Fly out, F7 (Flyball, 78D)
Batting: SHB Dave Atkins 0-0: Ball
1-0: Ball
2-0: Foul Ball, location: 2F
2-1: SINGLE (Groundball, 56D)
Dana Waldrip to second
Batting: RHB Yoshihiro Iwasaki 0-0: Foul Ball, location: 2F
0-1: Ball
1-1: Ball
2-1: Foul Ball, location: 2F
2-2: Fielders Choice at 2nd, 6-4 (Groundball, 6)
Dana Waldrip to third
Batting: RHB Rand McNally 0-0: Ball
1-0: Called Strike
1-1: Ball
2-1: Swinging Strike
2-2: Foul Ball, location: 2F
2-2: Fly out, F8 (Flyball, 8LXD)
Bottom of the 1st over - 0 runs, 2 hits, 0 errors, 2 left on base; Salt Lake City 0 - Jersey City 0
TOP OF THE 2ND
Salt Lake City Buzz batting - Pitching for Jersey City Tritons : RHP António Alomar
Batting: RHB Gustavo Mateo 0-0: Foul Ball, location: 2F
0-1: Foul Ball, location: 2F
0-2: Ball
1-2: Fly out, F8 (Flyball, 8LD)
Batting: LHB Tim Waters 0-0: Swinging Strike
0-1: Swinging Strike
0-2: Foul Ball, location: 2F
0-2: Ball
1-2: Fly out, F9 (Flyball, 89M)
Batting: SHB Jorge Colón 0-0: Ball
1-0: Ball
2-0: Called Strike
2-1: SINGLE (Groundball, 4MD)
Batting: RHB Christian Gentry 0-0: Foul Ball, location: 2F
0-1: Swinging Strike
0-2: Ball
1-2: Strikes out swinging
Top of the 2nd over - 0 runs, 1 hit, 0 errors, 1 left on base; Salt Lake City 0 - Jersey City 0
BOTTOM OF THE 2ND
Jersey City Tritons batting - Pitching for Salt Lake City Buzz : RHP Paco Manuel
Batting: RHB Brian Moring 0-0: Ball
1-0: Ground out 6-3 (Groundball, 6D)
Batting: RHB Carlos Rúbio 0-0: Ball
1-0: Fly out, F8 (Flyball, 8LD)
Batting: LHB Bart Walton 0-0: Foul Ball, location: 2F
0-1: Foul Ball, location: 2F
0-2: Ball
1-2: Fly out, F7 (Flyball, 7)
Bottom of the 2nd over - 0 runs, 0 hits, 0 errors, 0 left on base; Salt Lake City 0 - Jersey City 0
TOP OF THE 3RD
Salt Lake City Buzz batting - Pitching for Jersey City Tritons : RHP António Alomar
Batting: RHB Justin MacPherson 0-0: Foul Ball, location: 2F
0-1: Ground out 5-3 (Groundball, 2L)
Batting: RHB Vicente Cruz 0-0: Called Strike
0-1: Ball
1-1: Foul Ball, location: 2F
1-2: Strikes out looking
Batting: LHB Orlando Casillas 0-0: Ball
1-0: SINGLE (Groundball, 5D)
Batting: LHB Alistair Mix 0-0: Foul Ball, location: 2F
0-1: Fly out, F7 (Flyball, 78S)
Top of the 3rd over - 0 runs, 1 hit, 0 errors, 1 left on base; Salt Lake City 0 - Jersey City 0
BOTTOM OF THE 3RD
Jersey City Tritons batting - Pitching for Salt Lake City Buzz : RHP Paco Manuel
Batting: RHB Marcos Alfaro 0-0: Ball
1-0: Swinging Strike
1-1: Foul Ball, location: 2F
1-2: Ball
2-2: Ball
3-2: SINGLE (Line Drive, 6D)
Batting: LHB Dana Waldrip 0-0: Called Strike
0-1: Ball
1-1: Ball
2-1: Foul Ball, location: 2F
2-2: Foul Ball, location: 2F
2-2: Ball
Marcos Alfaro steals 2nd base
3-2: Base on Balls
Batting: RHB Arturo Scantlebury 0-0: Ball
1-0: Foul Ball, location: 2F
1-1: Foul Ball, location: 2F
1-2: Grounds into double play, 4-6-3 (Groundball, 4M)
Marcos Alfaro to third
Batting: SHB Dave Atkins 0-0: Swinging Strike
0-1: Ball
1-1: Foul Ball, location: 2F
1-2: SINGLE (Flyball, 8RM)
Marcos Alfaro scores
Batting: RHB Yoshihiro Iwasaki 0-0: Ball
1-0: Called Strike
1-1: Foul Ball, location: 2F
1-2: Strikes out looking
Bottom of the 3rd over - 1 run, 2 hits, 0 errors, 1 left on base; Salt Lake City 0 - Jersey City 1
TOP OF THE 4TH
Salt Lake City Buzz batting - Pitching for Jersey City Tritons : RHP António Alomar
Batting: RHB Ilkka Haapajarvi 0-0: Ball
1-0: Ground out 1-3 (Groundball, P)
Batting: RHB Gustavo Mateo 0-0: Called Strike
0-1: Foul Ball, location: 2F
0-2: Ball
1-2: Ball
2-2: SINGLE (Line Drive, 6D)
Batting: LHB Tim Waters 0-0: Ball
1-0: Ball
2-0: Swinging Strike
2-1: Fly out, F7 (Flyball, 7LMF)
Batting: SHB Jorge Colón 0-0: Ball
1-0: Foul Ball, location: 2F
1-1: Ball
2-1: Called Strike
2-2: DOUBLE (Line Drive, 7LM)
Gustavo Mateo to third
Pinch Runner at 2nd Quigley Gibson:
Batting: RHB Christian Gentry 0-0: Ball
1-0: Ball
2-0: Foul Ball, location: 2F
2-1: Ball
3-1: Called Strike
3-2: Fly out, F8 (Line Drive, 8LS)
Top of the 4th over - 0 runs, 2 hits, 0 errors, 2 left on base; Salt Lake City 0 - Jersey City 1
BOTTOM OF THE 4TH
Jersey City Tritons batting - Pitching for Salt Lake City Buzz : RHP Paco Manuel
Now at C: Quigley Gibson
Batting: RHB Rand McNally 0-0: SINGLE (Line Drive, 78S)
Batting: RHB Brian Moring 0-0: Ball
1-0: Swinging Strike
1-1: SINGLE (Flyball, 89S)
Rand McNally to second
Runner from 2nd tries for 3rd, OUT!
Brian Moring to second
Batting: RHB Carlos Rúbio 0-0: Ball
1-0: Called Strike
1-1: Foul Ball, location: 2F
1-2: Fly out, F7 (Line Drive, 7)
Pitching: LHP Chico Landi
Batting: LHB Bart Walton 0-0: Ball
1-0: Called Strike
1-1: Foul Ball, location: 2F
1-2: Ball
2-2: Ball
3-2: Strikes out looking
Bottom of the 4th over - 0 runs, 2 hits, 0 errors, 1 left on base; Salt Lake City 0 - Jersey City 1
TOP OF THE 5TH
Salt Lake City Buzz batting - Pitching for Jersey City Tritons : RHP António Alomar
Batting: RHB Justin MacPherson 0-0: Called Strike
0-1: Foul Ball, location: 2F
0-2: Ball
1-2: Fly out, F4 (Line Drive, 4M)
Batting: RHB Vicente Cruz 0-0: Ball
1-0: Foul Ball, location: 2F
1-1: Swinging Strike
1-2: Ground out 6-3 (Groundball, 6)
Batting: LHB Orlando Casillas 0-0: Bunt missed!
0-1: Ball
1-1: Called Strike
1-2: Ball
2-2: Strikes out swinging
Top of the 5th over - 0 runs, 0 hits, 0 errors, 0 left on base; Salt Lake City 0 - Jersey City 1
BOTTOM OF THE 5TH
Jersey City Tritons batting - Pitching for Salt Lake City Buzz : LHP Chico Landi
Batting: RHB Marcos Alfaro 0-0: Ball
1-0: Ball
2-0: SINGLE (Line Drive, 6D)
Batting: LHB Dana Waldrip 0-0: Called Strike
0-1: Ground out U3 (Groundball, 3)
Marcos Alfaro to second
Batting: RHB Arturo Scantlebury 0-0: Intentional Walk
Batting: SHB Dave Atkins 0-0: Called Strike
0-1: Ball
1-1: Swinging Strike
1-2: Ball
2-2: Foul Ball, location: 2F
2-2: Strikes out swinging
Batting: RHB Yoshihiro Iwasaki 0-0: Ball
Arturo Scantlebury is caught stealing 2nd base
Bottom of the 5th over - 0 runs, 1 hit, 0 errors, 1 left on base; Salt Lake City 0 - Jersey City 1
TOP OF THE 6TH
Salt Lake City Buzz batting - Pitching for Jersey City Tritons : RHP António Alomar
Batting: LHB Alistair Mix 0-0: DOUBLE (Line Drive, 9LM)
Batting: RHB Ilkka Haapajarvi 0-0: Called Strike
0-1: Ball
1-1: Called Strike
1-2: Foul Ball, location: 2F
1-2: Ball
2-2: Strikes out swinging
Batting: RHB Gustavo Mateo 0-0: Ground out 1-3 (Groundball, 15)
Batting: LHB Tim Waters 0-0: Ball
1-0: Called Strike
1-1: Ball
2-1: Ball
3-1: Base on Balls
Batting: RHB Quigley Gibson 0-0: Called Strike
0-1: Fielders Choice at 2nd, 6-4 (Groundball, 6)
Top of the 6th over - 0 runs, 1 hit, 0 errors, 2 left on base; Salt Lake City 0 - Jersey City 1
BOTTOM OF THE 6TH
Jersey City Tritons batting - Pitching for Salt Lake City Buzz : LHP Chico Landi
Batting: RHB Yoshihiro Iwasaki 0-0: Ground out 5-3 (Groundball, 5L)
Batting: RHB Rand McNally 0-0: Swinging Strike
0-1: Fly out, F9 (Flyball, 9S)
Batting: RHB Brian Moring 0-0: Ground out 6-3 (Groundball, 6)
Bottom of the 6th over - 0 runs, 0 hits, 0 errors, 0 left on base; Salt Lake City 0 - Jersey City 1
TOP OF THE 7TH
Salt Lake City Buzz batting - Pitching for Jersey City Tritons : RHP António Alomar
Batting: RHB Christian Gentry 0-0: Called Strike
0-1: Foul Ball, location: 2F
0-2: Ball
1-2: Strikes out swinging
Batting: RHB Justin MacPherson 0-0: Ball
1-0: Called Strike
1-1: Ball
2-1: Ball
3-1: Foul Ball, location: 2F
3-2: Base on Balls
Batting: RHB Vicente Cruz 0-0: Called Strike
0-1: Ball
1-1: Ball
2-1: Foul Ball, location: 2F
2-2: Strikes out looking
Pitching: RHP Raúl Flores
Batting: LHB Orlando Casillas 0-0: Ball
Justin MacPherson is caught stealing 2nd base
Top of the 7th over - 0 runs, 0 hits, 0 errors, 0 left on base; Salt Lake City 0 - Jersey City 1
BOTTOM OF THE 7TH
Jersey City Tritons batting - Pitching for Salt Lake City Buzz : LHP Chico Landi
Batting: RHB Carlos Rúbio 0-0: Called Strike
0-1: Ball
1-1: Called Strike
1-2: Foul Ball, location: 2F
1-2: Foul Ball, location: 2F
1-2: Ball
2-2: Fly out, F8 (Flyball, 8LM)
Batting: LHB Bart Walton 0-0: Ball
1-0: Called Strike
1-1: Swinging Strike
1-2: Ball
2-2: Strikes out looking
Batting: RHB Marcos Alfaro 0-0: Foul Ball, location: 2F
0-1: Ball
1-1: Swinging Strike
1-2: Strikes out swinging
Bottom of the 7th over - 0 runs, 0 hits, 0 errors, 0 left on base; Salt Lake City 0 - Jersey City 1
TOP OF THE 8TH
Salt Lake City Buzz batting - Pitching for Jersey City Tritons : RHP Raúl Flores
Now at C: Stephen Crouch
Now in LF: Marvin Hunter
Batting: LHB Orlando Casillas 0-0: Called Strike
0-1: Ball
1-1: Foul Ball, location: 2F
1-2: Ball
2-2: Foul Ball, location: 2F
2-2: Ball
3-2: Base on Balls
Batting: LHB Alistair Mix 0-0: Ball
1-0: Ball
2-0: Sac Bunt - play at first, batter OUT! 3-4
Orlando Casillas to second
Batting: RHB Ilkka Haapajarvi 0-0: Ground out 5-3 (Groundball, 56S)
Orlando Casillas to third
Batting: RHB Gustavo Mateo 0-0: Foul Ball, location: 2F
0-1: Foul Ball, location: 2F
0-2: Fly out, F7 (Line Drive, 7)
Top of the 8th over - 0 runs, 0 hits, 0 errors, 1 left on base; Salt Lake City 0 - Jersey City 1
BOTTOM OF THE 8TH
Jersey City Tritons batting - Pitching for Salt Lake City Buzz : LHP Chico Landi
Batting: LHB Dana Waldrip 0-0: Ball
1-0: Ball
2-0: Called Strike
2-1: Ball
3-1: Called Strike
3-2: Base on Balls
Batting: RHB Arturo Scantlebury 0-0: Called Strike
0-1: Swinging Strike
0-2: Ball
1-2: Ball
2-2: Ball
3-2: SINGLE (Groundball, 56D)
Dana Waldrip to second
Dana Waldrip to third
Batting: SHB Dave Atkins 0-0: Ball
1-0: Called Strike
1-1: Called Strike
1-2: Foul Ball, location: 2F
1-2: Foul Ball, location: 2F
1-2: Fly out, F7 (Flyball, 78S)
Runner from 3rd tags up, OUT at HOME
Arturo Scantlebury to second
Batting: RHB Yoshihiro Iwasaki 0-0: Ball
1-0: Ground out 5-3 (Groundball, 56S)
Bottom of the 8th over - 0 runs, 1 hit, 0 errors, 1 left on base; Salt Lake City 0 - Jersey City 1
TOP OF THE 9TH
Salt Lake City Buzz batting - Pitching for Jersey City Tritons : RHP Raúl Flores
Pitching: RHP Ricardo Rodríguez
Now at SS: Micheal Lovell
Batting: LHB Tim Waters 0-0: Swinging Strike
0-1: Called Strike
0-2: Fly out, F7 (Line Drive, 8LS)
Pinch Hitting: RHB Oliver Aranda 0-0: Foul Ball, location: 2F
0-1: Ball
1-1: Called Strike
1-2: Strikes out swinging
Pitching: LHP Chris Sommer
Batting: RHB Christian Gentry 0-0: Called Strike
0-1: Fly out, F8 (Flyball, 8RD)
Top of the 9th over - 0 runs, 0 hits, 0 errors, 0 left on base; Salt Lake City 0 - Jersey City 1
Tuesday, June 12th, 2018 - OOTP Baseball 18.8 Build 76